Map: Miner Evacuation

Players

monk

  • Race: Protoss Protoss
  • Spawn Location: 7:00

sTkmonk

  • Race: Terran Terran
  • Spawn Location: 7:00

VOD

Have the link to the VOD?

Description

Time

  • Played on: July 27, 2017, 12:17 p.m.
  • Length: 22:45
Show
View Real Time Build Order
Export as new Build Order

monk Protoss 

Build Orders:  

Get SALT Encoding   

  12  0:02  Probe (Chrono Boost)  
  13  0:10  Dark Pylon  
  13  0:16  Probe (Chrono Boost)  
  14  0:22  Assimilator  
  14  0:30  Probe (Chrono Boost)  
  15  0:40  Assimilator  
  15  0:44  Probe (Chrono Boost)  
  16  0:58  Probe (Chrono Boost)  
  17  1:06  Gateway  
  17  1:12  Probe (Chrono Boost)  
  18  1:26  Probe (Chrono Boost)  
  19  1:39  Probe (Chrono Boost)  
  20  1:53  Probe (Chrono Boost)  
  21  2:07  Probe (Chrono Boost)  
  22  2:23  Cybernetics Core  
  22  2:25  Forge  
  22  2:26  Pylon  
  22  3:24  Protoss Air Weapons Level 1 (Chrono Boost)  
  22  3:31  Stargate  
  22  4:01  Dark Pylon  
  22  4:06  Photon Cannon x2  
  22  4:10  Photon Cannon  
  22  4:11  Photon Cannon  
  22  4:19  Assimilator  
  22  4:22  Assimilator  
  22  4:26  Photon Cannon  
  22  4:28  Photon Cannon  
  22  4:29  Photon Cannon  
  22  4:30  Photon Cannon  
  22  4:35  Probe (Chrono Boost)  
  23  4:49  Probe (Chrono Boost)  
  24  5:16  Nexus, Probe (Chrono Boost)  
  25  5:30  Probe (Chrono Boost)  
  26  5:40  Void Ray  
  26  5:44  Probe (Chrono Boost)  
  31  5:58  Probe (Chrono Boost)  
  32  6:22  Probe (Chrono Boost)  
  33  6:36  Probe (Chrono Boost)  
  41  6:40  Void Ray  
  34  6:41  Pylon  
  34  6:44  Protoss Air Weapons Level 2 (Chrono Boost)  
  34  6:49  Probe (Chrono Boost)  
  38  6:57  Probe (Chrono Boost)  
  40  7:03  Probe (Chrono Boost)  
  41  7:11  Probe (Chrono Boost)  
  41  7:17  Probe (Chrono Boost)  
  43  7:24  Probe (Chrono Boost)  
  44  7:31  Probe (Chrono Boost)  
  44  7:37  Void Ray  
  45  7:45  Probe (Chrono Boost)  
  50  8:01  Probe (Chrono Boost)  
  50  8:03  Stargate  
  51  8:10  Stargate  
  51  8:14  Stargate  
  51  8:15  Probe (Chrono Boost)  
  52  8:24  Pylon  
  52  8:26  Void Ray  
  56  8:50  Pylon x2  
  56  9:15  Void Ray  
  56  9:23  Void Ray x3  
  72  9:32  Pylon  
  72  9:35  Pylon  
  72  10:00  Dark Pylon  
  72  10:12  Void Ray (Chrono Boost)  
  72  10:18  Photon Cannon  
  76  10:20  Pylon  
  76  10:23  Pylon  
  76  10:24  Void Ray (Chrono Boost)  
  76  10:27  Pylon  
  76  10:28  Void Ray (Chrono Boost)  
  76  10:29  Void Ray (Chrono Boost)  
  88  10:55  Fleet Beacon  
  92  11:15  Protoss Air Weapons Level 3  
  92  11:16  Void Ray (Chrono Boost)  
  92  11:17  Void Ray (Chrono Boost)  
  96  11:28  Void Ray (Chrono Boost)  
  104  11:33  Void Ray (Chrono Boost)  
  104  11:50  Oracle (Chrono Boost)  
  104  11:55  Prismatic Range (Chrono Boost)  
  104  12:09  Void Ray (Chrono Boost)  
  111  12:26  Void Ray (Chrono Boost)  
  111  12:28  Void Ray (Chrono Boost)  
  119  12:39  Pylon  
  119  12:41  Pylon  
  119  12:46  Pylon  
  119  13:08  Pylon x2  
  123  13:13  Void Ray (Chrono Boost)  
  123  13:22  Dark Pylon  
  123  13:31  Void Ray (Chrono Boost)  
  135  13:42  Void Ray (Chrono Boost)  
  135  13:43  Void Ray (Chrono Boost)  
  135  13:49  Photon Cannon  
  135  13:50  Pylon  
  134  14:34  Void Ray (Chrono Boost)  
  142  14:40  Void Ray (Chrono Boost)  
  142  14:44  Void Ray (Chrono Boost)  
  142  14:46  Pylon  
  146  14:53  Pylon  
  146  14:59  Void Ray (Chrono Boost)  
  150  15:15  Probe  
  151  15:23  Void Ray (Chrono Boost)  
  151  15:29  Oracle (Chrono Boost)  
  155  15:30  Void Ray (Chrono Boost)  
  155  15:33  Pylon  
  155  15:35  Pylon  
  162  15:52  Probe  
  167  16:10  Dark Pylon  
  167  16:13  Void Ray (Chrono Boost)  
  171  16:20  Void Ray (Chrono Boost)  
  171  16:21  Void Ray (Chrono Boost)  
  175  16:41  Void Ray (Chrono Boost)  
  179  17:14  Void Ray (Chrono Boost)  
  187  17:23  Void Ray (Chrono Boost)  
  187  17:36  Nexus  
  187  17:41  Nexus  
  187  17:45  Nexus  
  187  17:47  Void Ray (Chrono Boost), Oracle (Chrono Boost)  
  193  18:10  Nexus  
  193  18:11  Oracle (Chrono Boost)  
  193  18:21  Pylon  
  200  18:55  Void Ray (Chrono Boost)  
  200  18:56  Oracle (Chrono Boost)  
  200  19:15  Pylon  
  200  19:16  Pylon x2  
  194  19:38  Oracle (Chrono Boost)  
  198  19:46  Void Ray (Chrono Boost)  
  198  20:12  Nexus  
  198  20:14  Nexus  
  198  20:20  Nexus  
  198  20:30  Nexus  
  198  20:33  Dark Pylon, Oracle (Chrono Boost)  
  200  20:51  Nexus  
Show
View Real Time Build Order
Export as new Build Order

sTkmonk Terran 

Build Orders:  

Get SALT Encoding   

Tags
 
Add a new tag
Caveats
  • Supply blocks, unpowered buildings, or Contaminate may cause inaccurate times.
  • Supply counts are checked every 10 seconds.